Map: Ultralove

Players

Shen

  • Race: Zerg Zerg
  • League: Diamond
  • Spawn Location: 7:00

wootwoot - Winner!

  • Race: Zerg Zerg
  • League: Diamond
  • Spawn Location: 1:00

VOD

Have the link to the VOD?

Description

Time

  • Played on: April 2, 2025, 5:06 p.m.
  • Length: 4:03
Show
View Real Time Build Order
Export as new Build Order

Shen Zerg 

Build Orders: Hatch First 

Get SALT Encoding   

  12  0:00  Drone  
  13  0:09  Drone  
  14  0:14  Extractor  
  14  0:15  Drone  
  15  0:21  Overlord  
  15  0:40  Drone x2  
  17  0:52  Hatchery  
  17  0:55  Drone  
  17  0:58  Drone  
  18  1:11  Extractor  
  17  1:16  Spawning Pool  
  16  1:23  Drone x2  
  18  1:29  Drone  
  19  1:42  Overlord  
  19  1:55  Drone  
  20  2:04  Queen x2  
  20  2:07  Zergling x4  
  26  2:10  Zergling x2  
  26  2:15  Zergling x2  
  28  2:22  Metabolic Boost  
  28  2:26  Zergling x4  
  30  2:30  Spine Crawler  
  28  2:40  Zergling x4  
  27  2:50  Drone x2  
  28  2:56  Drone  
  29  3:01  Baneling Nest  
  28  3:12  Zergling x4  
  30  3:13  Zergling x2  
  30  3:16  Queen  
  33  3:25  Zergling x4  
  35  3:28  Overlord  
  32  3:35  Zergling x6  
  32  3:37  Zergling x2  
  32  3:40  Zergling x2  
  32  3:43  Zergling x2  
Show
View Real Time Build Order
Export as new Build Order

wootwoot Zerg - Winner!

Build Orders: Hatch First 

Get SALT Encoding   

  12  0:00  Drone  
  13  0:08  Drone  
  14  0:14  Extractor  
  14  0:15  Drone  
  15  0:35  Hatchery  
  14  0:37  Extractor  
  14  0:40  Drone  
  14  0:57  Spawning Pool  
  13  1:01  Drone  
  14  1:10  Overlord  
  14  1:43  Zergling x6, Metabolic Boost  
  17  1:47  Zergling x2  
  17  1:52  Queen  
  20  1:56  Zergling x2  
  20  2:01  Zergling x2  
  22  2:08  Overlord  
  22  2:12  Zergling x2  
  23  2:16  Zergling x2  
  23  2:22  Zergling x2  
  25  2:27  Zergling x2  
  26  2:39  Zergling x4  
  26  2:43  Zergling x2  
  27  2:48  Zergling x2  
  26  2:53  Zergling x2  
  27  3:00  Zergling x8  
  27  3:05  Zergling x2  
  32  3:13  Zergling x2  
  32  3:15  Overlord  
  33  3:22  Zergling x2  
  34  3:32  Zergling x4  
  32  3:36  Zergling x2  
  32  3:37  Zergling x2  
  32  3:39  Zergling x2  
  31  3:45  Zergling x2  
Tags
 
Matchup
ZvZ
Race
Zerg
Replay Pack
B2M-Replays
Spawn Locations
Cross Positions
Add a new tag
Caveats
  • Supply blocks, unpowered buildings, or Contaminate may cause inaccurate times.
  • Supply counts are checked every 10 seconds.